 Dungeon Crawl Stone Soup version 0.19.5 (webtiles) character file.

11454 theElss the Thaumaturge (level 11, -41/60 HPs)
             Began as a Deep Elf Conjurer on Apr 16, 2017.
             Was an Elder of Vehumet.
             Killed from afar by a frost giant (48 damage)
             ... with a bolt of cold
             ... on level 10 of the Dungeon.
             The game lasted 00:52:32 (15036 turns).

theElss the Thaumaturge (Deep Elf Conjurer)        Turns: 15036, Time: 00:52:33

Health: -41/60     AC:  4    Str:  6    XL:     11   Next: 49%
Magic:  11/30      EV: 16    Int: 23    God:    Vehumet [****..]
Gold:   244        SH:  5    Dex: 15    Spells: 6 memorised, 19 levels left

rFire  . . .     SeeInvis .     e - +0 dagger (curse)
rCold  . . .     Gourm    .     a - +0 robe
rNeg   . . .     Faith    +     L - +0 buckler (curse)
rPois  +         Spirit   .     (no helmet)
rElec  .         Reflect  .     F - +0 cloak
rCorr  .         Harm     .     (no gloves)
MR     ++...                    M - +0 pair of boots
Stlth  ++........               I - amulet of faith
                                E - ring of poison resistance
                                H - ring of protection from magic

@: no status effects
A: no striking features
a: Renounce Religion


You were on level 10 of the Dungeon.
You worshipped Vehumet.
Vehumet was greatly pleased with you.
You were not hungry.

You visited 2 branches of the dungeon, and saw 11 of its levels.
You also visited: Sewer and Bailey.

You collected 486 gold pieces.
You spent 242 gold pieces at shops.

Inventory:

Hand Weapons
 e - a cursed +0 dagger (weapon)
 j - a cursed +0 dagger
Armour
 a - a +0 robe (worn)
 F - a +0 cloak (worn)
 L - a cursed +0 buckler (worn)
 M - a +0 pair of boots (worn)
Jewellery
 f - an uncursed ring of resist corrosion
 u - an uncursed amulet of harm
 C - an uncursed amulet of regeneration
 E - a ring of poison resistance (right hand)
 H - a ring of protection from magic (left hand)
 I - an amulet of faith (around neck)
Wands
 z - a wand of flame (7/48)
 V - a wand of slowing (18/48)
 W - a wand of iceblast (12/15)
 Y - a wand of acid (8/15)
Scrolls
 p - a scroll of random uselessness {unknown}
 q - 2 scrolls of fog {unknown}
 w - 2 scrolls of noise {unknown}
 y - 2 scrolls of enchant weapon {unknown}
 B - 6 scrolls of remove curse
 D - 4 scrolls of teleportation
 J - a scroll of magic mapping {unknown}
 P - a scroll of immolation {unknown}
 Q - a scroll of recharging {unknown}
 R - 3 scrolls of identify
 S - a scroll of enchant armour {unknown}
 T - a scroll of blinking {unknown}
Potions
 h - a potion of mutation {unknown}
 i - 4 potions of berserk rage {unknown}
 k - a potion of heal wounds
 l - 4 potions of resistance
 m - a potion of agility {unknown}
 o - 3 potions of curing
 s - a potion of magic {unknown}
 t - a potion of cancellation {unknown}
 x - 2 potions of cure mutation
 G - 3 potions of flight
 K - a potion of might {unknown}
Books
 b - a book of Conjurations

   Spells                             Type                      Level
   a - Magic Dart                     Conjuration                  1
   b - Searing Ray                    Conjuration                  2
   c - Dazzling Spray                 Conjuration/Hexes            3
   d - Fulminant Prism                Conjuration/Hexes            4
   e - Iskenderun's Mystic Blast      Conjuration                  4
   f - Iskenderun's Battlesphere      Conjuration/Charms           5
 n - a book of Air

   Spells                             Type                      Level
   a - Shock                          Conjuration/Air              1
   b - Swiftness                      Charms/Air                   2
   c - Repel Missiles                 Charms/Air                   2
   d - Static Discharge               Conjuration/Air              3
   e - Lightning Bolt                 Conjuration/Air              5
 v - a book of Ice

   Spells                             Type                      Level
   a - Ice Form                       Ice/Transmutation            4
   b - Metabolic Englaciation         Hexes/Ice                    5
   c - Ozocubu's Refrigeration        Ice                          6
   d - Bolt of Cold                   Conjuration/Ice              6
   e - Freezing Cloud                 Conjuration/Ice/Air          6
   f - Simulacrum                     Ice/Necromancy               6
 A - a book of Changes

   Spells                             Type                      Level
   a - Beastly Appendage              Transmutation                1
   b - Sticks to Snakes               Transmutation                2
   c - Spider Form                    Transmutation/Poison         3
   d - Ice Form                       Ice/Transmutation            4
   e - Blade Hands                    Transmutation                5
 U - a book of Callings

   Spells                             Type                      Level
   a - Summon Small Mammal            Summoning                    1
   b - Call Imp                       Summoning                    2
   c - Call Canine Familiar           Summoning                    3
   d - Summon Guardian Golem          Hexes/Summoning              3
   e - Summon Lightning Spire         Summoning/Air                4
   f - Summon Ice Beast               Ice/Summoning                4
Miscellaneous
 X - a crystal ball of energy
Comestibles
 c - 9 bread rations
 d - 4 meat rations
 g - 4 fruits
 r - 3 royal jellies
 N - 2 beef jerkies
 O - 7 slices of pizza
 Z - 2 chunks of flesh


   Skills:
 + Level 3.0 Fighting
 - Level 6.0 Dodging
 - Level 2.4 Stealth
 - Level 6.0 Shields
 + Level 13.6 Spellcasting
 + Level 12.5 Conjurations
 - Level 0.4 Charms
 * Level 3.7 Fire Magic


You had 19 spell levels left.
You knew the following spells:

 Your Spells              Type           Power        Failure   Level  Hunger
a - Magic Dart            Conj           ####         1%          1    None
b - Iskenderun's Battles  Conj/Chrm      #####...     2%          5    ###....
c - Searing Ray           Conj           ######       1%          2    None
d - Iskenderun's Mystic   Conj           ######..     1%          4    None
e - Stone Arrow           Conj/Erth      #####.       1%          3    None
f - Conjure Flame         Conj/Fire      ######..     1%          3    None


Dungeon Overview and Level Annotations

Branches:
Dungeon (10/15)            Temple (1/1) D:7
   Lair: D:8-11         Orc: D:9-12

Altars:
Gozag
Okawaru
Qazlal
Sif Muna
Uskayaw
Vehumet
Yredelemnul
Zin
The Shining One

Shops:
D:6 (   D:8 [   D:9 *


Message History

Casting: Iskenderun's Mystic Blast
Confirm with . or Enter, or press ? or * to list all spells.
Aiming: Iskenderun's Mystic Blast
Press: ? - help, Shift-Dir - straight line, f/p - frost giant
Aim: a frost giant, wielding a glaive of venom (heavily wounded)
The orb of energy hits the frost giant.
The frost giant is heavily wounded.
The orb of energy explodes!
Your battlesphere fires!
The barrage of energy hits the frost giant.
The frost giant is severely wounded.
Your battlesphere expends the last of its energy and dissipates.
The frost giant points at you and mumbles some strange words.
The bolt of cold hits you!
Ouch! That really hurt!
* * * LOW HITPOINT WARNING * * *
The frost giant casts a spell at you. The bolt of cold hits you!
Ouch! That really hurt!
You die...

>..............'...........#.....
..<.........####...........######
............'.##............#
............#.##............#####
......).....#.##................#
.[..|.......#.########..........#
)∩).........#.# #..........#
.)......C...#.#### #..........#
.Q..........#.§.@### #..........#
............###....# #..........#
............###C##.# #..........#
..####..........##.# #..........#
..# #############.#######......#
..# #.#.....#......# ..# #
#.#.###.#>.....# .C#### .#
#.......#.###### .....# ..#
####.####.#


You could see a frost giant.

Vanquished Creatures
  A great orb of eyes (D:10)
  A skeletal warrior (D:10)
  An unseen horror (D:10)
  A hill giant (D:10)
  2 orc knights (Bailey)
  A troll (D:10)
  A tengu conjurer (D:10)
  3 hornets
  A two-headed ogre (D:9)
  8 yaks
  2 wyverns
  A wraith (D:10)
  4 hogs (D:8)
  A human (D:8)
  The ghost of Frank the Covered, an amateur GrFi (D:3)
  Purgy (Sewer)
  5 orc warriors
  An ice beast (D:5)
  An eye of draining (D:10)
  4 phantoms
  2 black bears (D:6)
  4 ogres
  A sky beast (D:7)
  4 centaurs
  3 bullfrogs
  3 wyvern skeletons
  17 killer bees
  3 wights (D:9)
  3 howler monkeys (D:9)
  2 centaur zombies
  3 bullfrog zombies
  2 hounds
  A quasit (D:8)
  2 jellies
  3 bullfrog skeletons
  4 orc priests
  2 centaur skeletons
  3 iguanas
  9 orc wizards
  7 worker ants
  A hound zombie (D:10)
  2 hound skeletons
  19 adders
  5 gnolls
  2 river rats (D:6)
  2 shadow imps
  2 oozes
  An adder skeleton (D:4)
  A worm (D:2)
  7 leopard geckos
  34 orcs
  7 bats
  10 giant cockroaches
  7 goblins
  10 hobgoblins
  10 jackals
  3 quokkas
  5 frilled lizards
  A jackal skeleton (D:4)
  19 kobolds
  A quokka skeleton (D:3)
  16 rats
  A spectral orc (D:8)
285 creatures vanquished.

Notes
Turn   | Place    | Note
-------+----------+-------------------------------------------
     0 | D:1      | theElss the Deep Elf Conjurer began the quest for the Orb.
     0 | D:1      | Reached XP level 1. HP: 10/10 MP: 6/6
   536 | D:1      | Reached XP level 2. HP: 15/15 MP: 5/8
   623 | D:1      | Reached skill level 5 in Conjurations
  1239 | D:1      | Learned a level 2 spell: Searing Ray
  1540 | D:1      | Reached XP level 3. HP: 7/19 MP: 1/9
  2368 | D:2      | Reached skill level 4 in Spellcasting
  2368 | D:2      | Reached XP level 4. HP: 24/24 MP: 4/12
  2450 | D:2      | Found an opulent altar of Gozag.
  2451 | D:2      | Found a deep blue altar of Sif Muna.
  2451 | D:2      | Found an iron altar of Okawaru.
  2570 | D:2      | Found a stormy altar of Qazlal.
  3044 | D:3      | Noticed Frank's ghost (amateur GrFi)
  3101 | D:3      | Reached XP level 5. HP: 12/28 MP: 7/14
  3102 | D:3      | Found a radiant altar of Vehumet.
  3115 | D:3      | Became a worshipper of Vehumet
  3912 | D:3      | Reached skill level 5 in Spellcasting
  4092 | D:4      | Noticed an ogre
  4152 | D:4      | Noticed an ogre
  4640 | D:4      | Reached skill level 6 in Spellcasting
  4640 | D:4      | Reached XP level 6. HP: 26/32 MP: 12/17
  4677 | D:5      | Entered Level 5 of the Dungeon
  5036 | D:5      | Reached * piety under Vehumet
  5036 | D:5      | Offered knowledge of Freeze by Vehumet.
  5293 | D:4      | Reached skill level 7 in Spellcasting
  5293 | D:4      | Reached XP level 7. HP: 37/37 MP: 13/19
  6009 | D:3      | Reached skill level 1 in Fighting
  6065 | D:3      | Killed Frank's ghost
  6065 | D:3      | Reached skill level 8 in Spellcasting
  6461 | D:5      | Learned a level 5 spell: Iskenderun's Battlesphere
  6466 | D:5      | Learned a level 4 spell: Iskenderun's Mystic Blast
  6504 | D:5      | Reached XP level 8. HP: 28/43 MP: 10/22
  6854 | D:6      | Reached skill level 9 in Spellcasting
  6945 | D:6      | Found Bomom's Weapon Shop.
  7414 | D:6      | Found a glowing drain.
  7420 | Sewer    | Entered a sewer
  7498 | Sewer    | Noticed Purgy
  7502 | Sewer    | Killed Purgy
  7502 | Sewer    | Reached skill level 10 in Spellcasting
  7524 | Sewer    | Reached ** piety under Vehumet
  7524 | Sewer    | Offered knowledge of Shock by Vehumet.
  7802 | D:7      | Reached XP level 9. HP: 48/48 MP: 7/25
  7834 | D:7      | Found a staircase to the Ecumenical Temple.
  7843 | Temple   | Entered the Ecumenical Temple
  8049 | D:7      | Reached skill level 10 in Conjurations
  8284 | D:7      | Reached skill level 11 in Spellcasting
  8373 | D:7      | Reached skill level 5 in Dodging
  8968 | D:7      | Found a hide-covered altar of Uskayaw.
  9344 | D:8      | Found a glowing silver altar of Zin.
  9357 | D:8      | Reached skill level 12 in Spellcasting
  9820 | D:8      | Offered knowledge of Stone Arrow by Vehumet.
  9885 | D:8      | Learned a level 3 spell: Stone Arrow
 10018 | D:8      | Found a basalt altar of Yredelemnul.
 10093 | D:8      | Found Woont's Antique Armour Shop.
 10096 | D:8      | Bought a buckler for 121 gold pieces
 10096 | D:8      | Bought a pair of boots for 121 gold pieces
 10180 | D:8      | Reached XP level 10. HP: 39/53 MP: 16/28
 10188 | D:8      | Reached skill level 1 in Shields
 10657 | D:9      | Reached *** piety under Vehumet
 11446 | D:9      | Offered knowledge of Throw Icicle by Vehumet.
 11768 | D:9      | Found Nepietue's General Store.
 12035 | D:10     | Entered Level 10 of the Dungeon
 12047 | D:10     | Found a flagged portal.
 12060 | Bailey   | Entered a bailey
 12158 | Bailey   | Noticed an orc knight
 12160 | Bailey   | Noticed an orc knight
 12424 | Bailey   | Reached **** piety under Vehumet
 12455 | Bailey   | Offered knowledge of Conjure Flame by Vehumet.
 12510 | Bailey   | Learned a level 3 spell: Conjure Flame
 12739 | Bailey   | Killed an orc knight
 12829 | Bailey   | Killed an orc knight
 12829 | Bailey   | Reached skill level 5 in Shields
 13179 | D:8      | HP: 1/55 [yak (17)]
 13403 | D:9      | Reached XP level 11. HP: 40/59 MP: 20/29
 13643 | D:10     | Reached skill level 1 in Fire Magic
 13682 | D:10     | Killed an unseen horror
 13868 | D:10     | Reached skill level 13 in Spellcasting
 13956 | D:10     | Noticed a skeletal warrior
 13968 | D:10     | Killed a skeletal warrior
 14131 | D:9      | Found a glowing golden altar of the Shining One.
 14424 | D:10     | Noticed a hill giant
 14428 | D:10     | Killed a hill giant
 14774 | D:10     | Noticed a great orb of eyes
 14778 | D:10     | Killed a great orb of eyes
 14826 | D:10     | Noticed a frost giant
 14826 | D:10     | HP: 1/60 [frost giant/bolt of cold (59)]
 15036 | D:10     | Killed from afar by a frost giant

Skill      XL: |  1  2  3  4  5  6  7  8  9 10 11 |
---------------+----------------------------------+-----
Conjurations   | 5 6 7 8 9 11 12 | 12.5
Spellcasting   | 4 6 7 8 10 12 13 | 13.6
Dodging        | 3 4 5 6 |  6.0
Fighting       | 1 2 3 |  3.0
Shields        | 6 |  6.0
Fire Magic     | 3 |  3.7
Stealth        | |  2.4
Charms         | |  0.4

Action                   |  1- 3 |  4- 6 |  7- 9 | 10-12 || total
-------------------------+-------+-------+-------+-------++-------
Melee: Unarmed           |     1 |       |       |       ||     1
       Dagger            |     6 |     1 |    34 |     1 ||    42
 Cast: Magic Dart        |    83 |   111 |   141 |   123 ||   458
       Searing Ray       |     4 |    16 |    31 |     9 ||    60
       Iskenderun's Myst |       |       |    52 |    89 ||   141
       Iskenderun's Batt |       |       |     2 |    31 ||    33
  Use: Scroll            |       |     1 |     6 |     2 ||     9
       Potion            |       |       |       |     6 ||     6
  Eat: Chunk             |     4 |     9 |    15 |    18 ||    46
       Fruit             |       |       |       |     1 ||     1
Armor: Robe              |     1 |     6 |    22 |    11 ||    40
Dodge: Dodged            |    24 |    28 |    75 |    58 ||   185
Block: Buckler           |       |       |       |    16 ||    16
